 Dungeon Crawl Stone Soup version 0.24.0-41-g2ae2f7f1be (webtiles) character file.

Game seed: 8037298671193810362, levelgen mode: deterministic

345 DildoBatman the Conjurer (level 6, -1/41 HPs)
             Began as a Formicid Wizard on Dec 13, 2019.
             Slain by a giant cockroach (2 damage)
             ... on level 4 of the Dungeon.
             The game lasted 00:11:50 (3572 turns).

DildoBatman the Conjurer (Formicid Wizard)          Turns: 3572, Time: 00:11:51

Health: -1/41      AC:  2    Str: 12    XL:     6   Next: 90%
Magic:  16/19      EV: 12    Int: 19    God:
Gold:   222        SH:  0    Dex:  9    Spells: 4/11 levels left

rFire    . . .     SeeInvis +   a - +0 spear
rCold    . . .     Gourm    .   (no shield)
rNeg     . . .     Faith    .   y - +0 robe
rPois    .         Spirit   .   (helmet unavailable)
rElec    .         Reflect  .   (no cloak)
rCorr    .         Harm     .   (no gloves)
MR       .....                  (no boots)
Stlth    +++.......             (no amulet)
HPRegen  0.13/turn              n - ring of magical power
MPRegen  0.16/turn              D - ring of stealth

@: no status effects
A: permanent stasis, dig shafts and tunnels, four strong arms, antennae 3
a: Dig, Shaft Self


You were on level 4 of the Dungeon.
You were hungry.

You visited 1 branch of the dungeon, and saw 4 of its levels.

You collected 222 gold pieces.

Inventory:

Hand Weapons
 a - a +0 spear (weapon)
 b - a +0 hunting sling
 d - a +0 short sword
Missiles
 l - 18 arrows
 q - 131 stones (quivered)
 A - 11 bolts
Armour
 p - a +1 scale mail of magic resistance
 y - a +0 robe (worn)
Jewellery
 n - a ring of magical power (left hand)
 D - a ring of stealth (right hand)
Wands
 B - a wand of enslavement (9)
Scrolls
 e - 3 scrolls of random uselessness
 f - 3 scrolls of enchant weapon
 i - 3 scrolls of immolation
 j - 2 scrolls of noise
 k - 2 scrolls of enchant armour
 z - a scroll of remove curse
Potions
 c - a potion of haste {unknown}
 h - a potion of brilliance {unknown}
 o - a potion of resistance {unknown}
 r - 3 potions of degeneration {unknown}
 u - a potion of heal wounds {unknown}
 w - 3 potions of curing {unknown}
 C - a potion of might {unknown}
Comestibles
 g - 3 chunks of flesh
 v - 8 rations


   Skills:
 - Level 1.7 Dodging
 - Level 2.4 Stealth
 - Level 3.2 Spellcasting
 * Level 5.1 Conjurations
   Level 1.0 Summonings
   Level 0.8 Translocations
 * Level 2.1 Fire Magic
 - Level 1.3 Air Magic


You had 4 spell levels left.
You knew the following spells:

 Your Spells              Type           Power        Failure   Level  Hunger
a - Conjure Flame         Conj/Fire      ###.....     10%         3    ###....
c - Magic Dart            Conj           ###.         1%          1    None
e - Mephitic Cloud        Conj/Pois/Air  ##......     19%         3    ###....

Your spell library contained the following spells:

 Spells                   Type           Power        Failure   Level  Hunger
 Call Imp                 Summ           #.......     16%         2    ##.....
 Slow                     Hex            #.......     22%         2    ##.....
 Blink                    Tloc           Unusable     N/A         2    N/A

Dungeon Overview and Level Annotations

Branches:
Dungeon (4/15)
 Temple: D:4-7

Altars:
Ashenzari
Hepliaklqana
Nemelex Xobeh
Sif Muna
Zin

Portals:
Sewer: D:4

Annotations:
D:3 Eustachio, Sigmund
D:4 exclusions: orc, orc priest, 3 sensed monsters (detected) and 1 more exclusion


Innate Abilities, Weirdness & Mutations

You cannot be hasted, slowed, berserked, paralysed or teleported.
You can dig through walls and to a lower floor.
Your four strong arms can wield two-handed weapons with a shield.
You have a pair of large antennae on your head. (SInv)


Message History

You hear the rapid rusting of a drain.
The jackal barely misses you. The ball python bites you.
The ball python misses you.
The giant cockroach splashes around in the water.
The jackal bites you.
You extend your mandibles.
This wall is too hard to dig through.
You retract your mandibles.
The ball python closely misses you. The ball python grabs you.
The ball python constricts you. The giant cockroach barely misses you.
The ball python bites you. The ball python constricts you.
You escape the ball python's grasp.
The giant cockroach splashes around in the water.
The rat bites you. The giant cockroach bites you.
You die...

##########
#≈≈≈+≈...#
#≈∩≈#≈.≈.#
#≈s≈#≈≈≈.#
##rr'≈...#
#≈SS≈≈...#
#hsS≈≈...##
#@r≈......#
#.........#
###.#####.#
#.......#
#.#######
#.# #.# #$#
#.#


You could see a river rat, a jackal, 2 giant cockroaches, 3 ball pythons and 2
rats.

Vanquished Creatures
  A phantom (D:4)
  A scorpion (D:4)
  A bullfrog skeleton (D:4)
  4 gnolls (D:4)
  4 adders (D:3)
  2 worms (D:4)
  A dart slug (D:4)
  4 leopard geckos (D:1)
  8 orcs
  2 ball pythons
  11 giant cockroaches
  11 goblins
  3 hobgoblins
  6 jackals (D:2)
  A quokka (D:3)
  7 bats
  4 frilled lizards
  7 kobolds
  9 rats
87 creatures vanquished.

Notes
Turn   | Place    | Note
-------+----------+-------------------------------------------
     0 | D:1      | DildoBatman the Formicid Wizard began the quest for the
                  | Orb.
     0 | D:1      | Reached XP level 1. HP: 13/13 MP: 4/4
    18 | D:1      | Reached skill level 1 in Conjurations
   240 | D:1      | Reached XP level 2. HP: 19/19 MP: 0/6
   404 | D:1      | Reached skill level 2 in Conjurations
   663 | D:1      | Reached XP level 3. HP: 16/24 MP: 4/7
   668 | D:1      | Learned a level 3 spell: Conjure Flame
   672 | D:1      | Learned a level 3 spell: Mephitic Cloud
  1494 | D:2      | Reached skill level 3 in Conjurations
  1700 | D:2      | Reached XP level 4. HP: 30/30 MP: 8/8
  1758 | D:2      | Found a sparkling altar of Nemelex Xobeh.
  2168 | D:3      | Found a faded altar of an unknown god.
  2210 | D:3      | Noticed Sigmund
  2367 | D:3      | Found a glowing silver altar of Zin.
  2381 | D:3      | Reached skill level 4 in Conjurations
  2381 | D:3      | Reached XP level 5. HP: 35/35 MP: 9/9
  2472 | D:3      | Found a shimmering blue altar of Sif Muna.
  2472 | D:3      | Found a hazy altar of Hepliaklqana.
  2600 | D:3      | Found a shattered altar of Ashenzari.
  2893 | D:4      | Noticed Eustachio
  2950 | D:4      | Reached XP level 6. HP: 21/41 MP: 5/10
  3030 | D:4      | Noticed a phantom
  3082 | D:4      | Killed a phantom
  3082 | D:4      | Reached skill level 5 in Conjurations
  3082 | D:4      | Reached skill level 1 in Fire Magic
  3082 | D:4      | Reached skill level 1 in Air Magic
  3566 | D:4      | Found a glowing drain.
  3571 | D:4      | HP: 2/41 [ball python (1)]
  3572 | D:4      | Slain by a giant cockroach

Levels and vault maps discovered:
D:1:      psy_arrival_statuary, layout_loops_ring, serial_forest,
          infiniplex_forest_lined_room_, infiniplex_forest_clump_medium,
          infiniplex_forest_straight_5, infiniplex_forest_zigzag_1,
          infiniplex_forest_clump_medium, infiniplex_forest_clump_medium,
          infiniplex_forest_lined_2, infiniplex_forest_fountain
D:2:      layout_basic, nemelex_xobeh_ov_fountains_minmay, first_ration
D:3:      layout_rooms, marbit_many_paths, zin_scriptorium,
          nicolae_overflow_hidden_temple, chequers_ecumenical_altar_grove,
          columned_hall_lemuel, uniq_sigmund
D:4:      layout_rooms, makhleb_altar_promises_db, portal_sewer_entry_e,
          uniq_eustachio

Skill      XL: |  1  2  3  4  5  6 |
---------------+-------------------+-----
Conjurations   | 1 2 3 4 5 |  5.1
Fire Magic     | 2 |  2.1
Air Magic      | 1 |  1.3
Dodging        | |  1.7
Stealth        | |  2.4
Spellcasting   | |  3.2
Summonings     | |  1.0
Translocations | |  0.8

Action                   |  1- 3 |  4- 6 || total
-------------------------+-------+-------++-------
Melee: Unarmed           |     3 |       ||     3
       Short sword       |    14 |    11 ||    25
       Spear             |       |   103 ||   103
 Cast: Magic Dart        |    89 |   126 ||   215
       Conjure Flame     |       |    14 ||    14
       Mephitic Cloud    |       |     1 ||     1
 Abil: Dig               |     5 |    11 ||    16
  Use: Scroll            |       |     9 ||     9
  Eat: Chunk             |     3 |     8 ||    11
Armor: Robe              |    10 |    13 ||    23
Dodge: Dodged            |    15 |    54 ||    69
